 Dungeon Crawl Stone Soup version 0.28.0-45-g0d030f2227 (webtiles) character file.

Game seed: 3810585863490727107

547 Ablot the Grasshopper (level 7, -1/56 HPs)
             Began as a Gnoll Warper on Apr 1, 2022.
             Slain by a black bear (12 damage)
             ... on level 4 of the Dungeon.
             The game lasted 00:05:55 (5392 turns).

Ablot the Grasshopper (Gnoll Warper)                Turns: 5392, Time: 00:05:55

Health: -1/56      AC:  3    Str: 13    XL:     7   Next: 28%
Magic:  13/15      EV: 13    Int: 12    God:
Gold:   103        SH:  0    Dex: 11    Spells: 15/17 levels left

rFire   x . .      SeeInvis .   a - +0 trident
rCold   + . .      Faith    .   (no shield)
rNeg    . . .      Spirit   .   b - +0 leather armour
rPois   .          Reflect  .   (no helmet)
rElec   .          Harm     .   (no cloak)
rCorr   .          Rampage  .   (no gloves)
Will    .....                   (no boots)
Stlth   ++........              u - amulet of the acrobat
HPRegen 0.18/turn               n - ring of ice
MPRegen 0.14/turn               (no ring)

@: on blink cooldown
A: fangs 1, strong nose, distributed training
a: no special abilities


You were on level 4 of the Dungeon.
You visited 1 branch of the dungeon, and saw 4 of its levels.

You collected 103 gold pieces.

Inventory:

Hand Weapons
 a - a +0 trident (weapon)
Missiles
 d - 5 boomerangs of dispersal
 e - 118 stones
 f - 26 bolts
 i - 14 sling bullets
 j - 19 arrows
 o - 5 poisoned darts (quivered)
Armour
 b - a +0 leather armour (worn)
 A - a +0 pair of boots
Magical Staves
 r - a staff of fire
Jewellery
 n - a ring of ice (left hand)
 u - an amulet of the acrobat (around neck)
Wands
 z - a wand of flame (7)
Scrolls
 c - a scroll of blinking
 g - a scroll of immolation {unknown}
 p - a scroll of teleportation {unknown}
 q - a scroll of brand weapon {unknown}
 v - a scroll of magic mapping {unknown}
 x - a scroll of vulnerability {unknown}
 y - a scroll of identify {unknown}
Potions
 h - a potion of ambrosia {unknown}
 k - 2 potions of degeneration {unknown}
 l - a potion of flight {unknown}
 m - a potion of lignification {unknown}
 s - a potion of berserk rage {unknown}
 t - 2 potions of heal wounds {unknown}
 w - a potion of curing {unknown}


   Skills:
 + Level 5.2 Fighting
 + Level 2.3 Short Blades
 + Level 2.3 Long Blades
 + Level 2.3 Axes
 + Level 2.3 Maces & Flails
 + Level 5.2 Polearms
 + Level 2.3 Staves
 + Level 2.3 Slings
 + Level 2.3 Bows
 + Level 2.3 Crossbows
 + Level 3.5 Throwing
 + Level 3.5 Armour
 + Level 5.2 Dodging
 + Level 2.3 Stealth
 + Level 2.3 Shields
 + Level 2.3 Unarmed Combat
 + Level 5.5 Spellcasting
 + Level 1.9 Conjurations
 + Level 1.9 Hexes
 + Level 1.9 Summonings
 + Level 1.9 Necromancy
 + Level 5.8 Translocations
 + Level 1.9 Transmutations
 + Level 1.9 Fire Magic
 + Level 1.9 Ice Magic
 + Level 1.9 Air Magic
 + Level 1.9 Earth Magic
 + Level 1.9 Poison Magic
 + Level 2.6 Invocations
 + Level 2.3 Evocations


You had 15 spell levels left.
You knew the following spells:

 Your Spells              Type           Power      Damage    Failure   Level
a - Blink                 Tloc           34%        N/A       3%          2

Your spell library contained the following spells:

 Spells                   Type           Power      Damage    Failure   Level
 Gell's Gravitas          Tloc           17%        N/A       6%          3
 Lesser Beckoning         Tloc           17%        N/A       6%          3
 Teleport Other           Tloc           17%        N/A       6%          3
 Manifold Assault         Tloc           17%        N/A       52%         5


Dungeon Overview and Level Annotations

Branches:
Dungeon (4/15)
 Temple: D:4-7

Altars:
Vehumet


Innate Abilities, Weirdness & Mutations

You have very sharp teeth.
Your uncanny sense of smell can sniff out nearby items.
Your experience applies equally to all skills.


Message History

Press: ? - help, Q - select action, (/) - cycle Shift-Dir - straight line, f/p - black bear
Aim: a black bear (heavily wounded, poisoned, 67% to hit)
You throw a poisoned dart. The poisoned dart hits the black bear.
The black bear looks even sicker.
The black bear is heavily wounded.
Throw: 7 darts (poison)
Press: ? - help, Q - select action, (/) - cycle Shift-Dir - straight line, f/p - black bear
Aim: a black bear (heavily wounded, very poisoned, 67% to hit)
You throw a poisoned dart.
The poisoned dart barely misses the black bear.
The black bear barely misses you.
The black bear claws you but does no damage.
The black bear barely misses you.
Throw: 6 darts (poison)
Press: ? - help, Q - select action, (/) - cycle Shift-Dir - straight line, f/p - black bear
Aim: a black bear (heavily wounded, very poisoned, 67% to hit)
You throw a poisoned dart. The poisoned dart hits the black bear!
The black bear looks as sick as possible!
The black bear is heavily wounded.
The black bear bites you. The black bear barely misses you.
The black bear claws you.
There is an open door here.
You see here a +0 short sword.
The black bear goes berserk!
You see here a hound skeleton.
The black bear rages.
You barely miss the black bear.
You bite the black bear, but do no damage.
The black bear is severely wounded.
The black bear bites you.
* * * LOW HITPOINT WARNING * * *
The black bear claws you.
* * * LOW HITPOINT WARNING * * *
The black bear completely misses you.
Casting: Blink (safe; 3% risk of failure)
Confirm with . or Enter, or press ? or * to list all spells.
You blink.
The black bear barely misses you. The black bear claws you.
* * * LOW HITPOINT WARNING * * *
The black bear misses you. The black bear bites you!
You die...

#........#..........#[.#.....
######..##.##.##'########....
######..##..##'##'##.########..##
........#......#................#
...#....#......#................#
........+......#.......h........#
.#._.#..####+####.##'###.########
........##....###†##(###+###..##
...#......)...§h@)'....#..#....#
.......[..†.......#....#..'....#
#.#'##............#....#..#...##
....'.............#....#..#....#
##.)############+###.####'##...#
#..##..##..####.#######..####.#
#..#...#....#.......#...).#...#
#..+.).'....'.......#.....#...#
#..##..##..##..###..##...##...#


You could see a black bear (berserk, very poisoned).

Vanquished Creatures
  A black bear (D:4)
  A necrophage (D:4)
  An ogre (D:4)
  A scorpion (D:3)
  2 hounds (D:4)
  5 gnolls
  2 adders
  A dart slug (D:2)
  5 orcs (D:3)
  11 endoplasms
  5 giant cockroaches
  8 hobgoblins
  15 jackals
  6 kobolds
  4 quokkas
  9 ball pythons
  5 bats
  2 frilled lizards
  7 goblins
  6 rats
97 creatures vanquished.

Vanquished Creatures (others)
  4 toadstools (D:1)
4 creatures vanquished.

Grand Total: 101 creatures vanquished

Notes
Turn   | Place    | Note
-------+----------+-------------------------------------------
     0 | D:1      | Ablot the Gnoll Warper began the quest for the Orb.
     0 | D:1      | Reached XP level 1. HP: 20/20 MP: 6/6
   232 | D:1      | Reached XP level 2. HP: 23/26 MP: 7/7
   243 | D:1      | Learned a level 2 spell: Blink
   541 | D:1      | Reached skill level 5 in Spellcasting
   541 | D:1      | Reached XP level 3. HP: 19/31 MP: 7/9
  1036 | D:1      | Reached skill level 1 in Invocations
  1389 | D:2      | Reached skill level 1 in Short Blades
  1389 | D:2      | Reached skill level 1 in Long Blades
  1389 | D:2      | Reached skill level 1 in Axes
  1389 | D:2      | Reached skill level 1 in Maces & Flails
  1389 | D:2      | Reached skill level 1 in Staves
  1389 | D:2      | Reached skill level 1 in Slings
  1389 | D:2      | Reached skill level 1 in Bows
  1389 | D:2      | Reached skill level 1 in Crossbows
  1389 | D:2      | Reached skill level 1 in Stealth
  1389 | D:2      | Reached skill level 1 in Shields
  1389 | D:2      | Reached skill level 1 in Unarmed Combat
  1389 | D:2      | Reached skill level 1 in Evocations
  1648 | D:2      | Reached XP level 4. HP: 36/38 MP: 11/11
  2480 | D:1      | Reached skill level 1 in Conjurations
  2480 | D:1      | Reached skill level 1 in Hexes
  2480 | D:1      | Reached skill level 1 in Summonings
  2480 | D:1      | Reached skill level 1 in Necromancy
  2480 | D:1      | Reached skill level 1 in Transmutations
  2480 | D:1      | Reached skill level 1 in Fire Magic
  2480 | D:1      | Reached skill level 1 in Ice Magic
  2480 | D:1      | Reached skill level 1 in Air Magic
  2480 | D:1      | Reached skill level 1 in Earth Magic
  2480 | D:1      | Reached skill level 1 in Poison Magic
  2860 | D:2      | Reached XP level 5. HP: 24/43 MP: 12/12
  4272 | D:3      | Reached XP level 6. HP: 39/50 MP: 13/13
  4389 | D:4      | Reached skill level 5 in Fighting
  4389 | D:4      | Reached skill level 5 in Polearms
  4389 | D:4      | Reached skill level 5 in Dodging
  4521 | D:4      | Noticed a necrophage
  4814 | D:4      | Killed a necrophage
  5035 | D:4      | Reached XP level 7. HP: 46/56 MP: 15/15
  5091 | D:4      | Found a radiant altar of Vehumet.
  5392 | D:4      | Slain by a black bear

Illustrated notes

Levels and vault maps discovered:
D:1:      ldierk_walled_garden_2, layout_basic, nicolae_figureground_sparkle
D:2:      layout_loops_ring, kennysheep_another_room
D:3:      layout_basic
D:4:      layout_gridville, vehumet_altar_wand_db

Skill      XL: |  1  2  3  4  5  6 |
---------------+-------------------+-----
Spellcasting   | 5 |  5.5
Invocations    | 1 2 |  2.6
Short Blades   | 1 2 |  2.3
Long Blades    | 1 2 |  2.3
Axes           | 1 2 |  2.3
Maces & Flails | 1 2 |  2.3
Staves         | 1 2 |  2.3
Slings         | 1 2 |  2.3
Bows           | 1 2 |  2.3
Crossbows      | 1 2 |  2.3
Stealth        | 1 2 |  2.3
Shields        | 1 2 |  2.3
Unarmed Combat | 1 2 |  2.3
Evocations     | 1 2 |  2.3
Conjurations   | 1 |  1.9
Hexes          | 1 |  1.9
Summonings     | 1 |  1.9
Necromancy     | 1 |  1.9
Transmutations | 1 |  1.9
Fire Magic     | 1 |  1.9
Ice Magic      | 1 |  1.9
Air Magic      | 1 |  1.9
Earth Magic    | 1 |  1.9
Poison Magic   | 1 |  1.9
Throwing       | 3 |  3.5
Armour         | 3 |  3.5
Fighting       | 5 |  5.2
Polearms       | 5 |  5.2
Dodging        | 5 |  5.2
Translocations | |  5.8

Action                   |  1- 3 |  4- 6 |  7- 9 || total
-------------------------+-------+-------+-------++-------
Melee: Spear             |   165 |   319 |     8 ||   492
       Bite              |    17 |    26 |     3 ||    46
       Punch             |     3 |    12 |     1 ||    16
       Trident           |       |       |    10 ||    10
Throw: Stone             |     3 |     1 |       ||     4
       Dart              |       |     6 |    13 ||    19
 Cast: Blink             |       |     1 |     2 ||     3
 Stab: Sleeping          |     3 |     2 |       ||     5
Armor: Leather armour    |    23 |    37 |    11 ||    71
Dodge: Dodged            |    83 |   184 |    27 ||   294
